Map: [TLMC15] Hardwire

Players

HeroMarine

  • Race: Terran Terran

Reynor - Winner!

  • Race: Zerg Zerg

Event: DreamHack SC2 Masters Last Chance 2022

VOD

Have the link to the VOD?

Description

Time

  • Played on: Jan. 12, 2022, 1:30 p.m.
  • Length: 13:33

All games in this series

Show
View Real Time Build Order
Export as new Build Order

HeroMarine Terran 

Build Orders:  

Get SALT Encoding   

  12  0:00  SCV  
  13  0:12  SCV  
  14  0:17  Supply Depot  
  14  0:24  SCV  
  15  0:38  SCV  
  15  0:39  Barracks  
  16  0:43  Refinery  
  16  0:50  SCV  
  17  1:03  SCV  
  18  1:15  SCV  
  19  1:26  Barracks Reactor  
  19  1:27  Orbital Command  
  19  1:37  Command Center  
  19  1:46  Supply Depot  
  19  1:52  SCV  
  20  2:02  Marine x2  
  20  2:04  SCV  
  20  2:06  Barracks  
  23  2:16  SCV  
  23  2:20  Marine x2  
  23  2:21  Barracks  
  26  2:28  SCV  
  27  2:38  Marine x2  
  27  2:40  SCV  
  30  2:52  Barracks Tech Lab  
  30  2:53  SCV  
  30  2:56  Marine x2  
  33  2:58  Orbital Command  
  33  3:05  SCV  
  34  3:08  Barracks Tech Lab  
  34  3:10  Stimpack  
  34  3:11  Marine  
  35  3:16  Marine x2  
  35  3:17  SCV  
  35  3:18  Supply Depot  
  38  3:25  SCV  
  38  3:26  Combat Shield  
  39  3:27  Marine  
  39  3:29  SCV, Marine  
  42  3:35  Marine  
  42  3:36  Supply Depot, Marine  
  42  3:39  SCV  
  45  3:41  SCV  
  45  3:45  Marine  
  45  3:46  Marine  
  48  3:51  SCV  
  48  3:53  SCV, Marine  
  48  3:54  Marine  
  52  3:56  Supply Depot  
  52  3:59  Engineering Bay  
  52  4:03  SCV, Marine  
  52  4:04  Marine  
  52  4:05  SCV  
  52  4:07  Refinery  
  56  4:11  Marine  
  56  4:12  Factory, Marine  
  56  4:15  SCV  
  59  4:18  SCV  
  59  4:20  Supply Depot  
  59  4:21  Marine  
  59  4:22  Marine  
  62  4:27  SCV  
  62  4:30  SCV  
  64  4:32  Marine  
  64  4:33  Marine  
  64  4:38  Terran Infantry Weapons Level 1, Refinery, Marine  
  66  4:39  SCV  
  66  4:42  SCV, Marine  
  66  4:43  Supply Depot  
  70  4:50  Marine x2  
  70  4:51  SCV  
  73  4:54  SCV  
  73  4:56  Marine  
  73  4:57  Starport  
  75  5:00  Marine  
  75  5:04  Factory Reactor  
  75  5:05  SCV  
  75  5:06  SCV  
  78  5:13  Marine x2  
  76  5:15  Marine  
  76  5:17  Marine  
  71  5:24  Command Center  
  71  5:25  SCV x2  
  71  5:28  Refinery  
  73  5:31  Marine x2  
  73  5:35  Marine  
  76  5:37  SCV x2  
  78  5:44  Medivac x2  
  78  5:45  Barracks Reactor  
  78  5:47  Supply Depot  
  86  5:55  Supply Depot, Siege Tank  
  86  5:56  Marine  
  86  6:02  Marine  
  86  6:03  Marine  
  73  6:05  SCV x2  
  68  6:14  Marine, Barracks  
  68  6:15  Barracks  
  68  6:17  SCV x2  
  71  6:18  Medivac x2  
  71  6:20  Marine x2  
  71  6:22  Marine  
  71  6:23  Marine  
  79  6:29  SCV x2  
  79  6:32  Marine  
  85  6:37  Orbital Command  
  85  6:38  Marine x2  
  84  6:40  Marine  
  84  6:41  SCV x2, Marine  
  84  6:43  Factory Reactor  
  84  6:45  Supply Depot  
  88  6:48  Terran Infantry Armor Level 1  
  88  6:49  Marine  
  88  6:53  Armory  
  89  6:55  SCV  
  89  6:56  SCV, Marine x2  
  89  6:57  Marine  
  89  6:59  Marine  
  95  7:07  SCV  
  99  7:09  Barracks Reactor x2  
  99  7:11  Medivac x2, Marine  
  99  7:13  SCV, Marine  
  99  7:14  Marine  
  99  7:15  Marine  
  104  7:17  Marine  
  104  7:19  SCV  
  107  7:24  Supply Depot  
  107  7:25  SCV  
  107  7:26  Widow Mine  
  107  7:27  Widow Mine  
  107  7:29  Marine  
  113  7:31  SCV, Marine  
  113  7:32  Marine, Orbital Command  
  113  7:33  Marine  
  117  7:37  SCV  
  117  7:39  Marine  
  117  7:41  Liberator x2  
  117  7:43  SCV  
  123  7:47  Marine  
  123  7:49  Marine  
  123  7:50  SCV, Marine  
  123  7:51  Marine  
  127  7:55  SCV  
  127  7:57  Marine x4  
  133  8:04  Supply Depot x2  
  133  8:05  Factory, Marine x2  
  133  8:07  Marine x2  
  133  8:09  Marine  
  136  8:14  Marine  
  136  8:15  Refinery, Marine  
  136  8:17  Sensor Tower  
  138  8:22  Marine x2  
  138  8:23  Marine  
  138  8:25  Medivac x2, Marine x2  
  138  8:26  Widow Mine, Marine x2  
  150  8:32  SCV, Marine  
  152  8:39  Marine x2  
  152  8:40  Marine  
  152  8:41  Marine  
  146  8:43  Widow Mine  
  146  8:44  Orbital Command  
  146  8:45  Marine x2  
  146  8:47  Widow Mine  
  144  8:49  Marine x2  
  144  8:52  Marine  
  144  8:55  Medivac x2  
  144  8:57  Marine  
  144  8:58  SCV  
  144  9:01  Terran Infantry Weapons Level 2  
  149  9:03  Marine x2  
  149  9:06  Widow Mine  
  149  9:08  Marine  
  137  9:10  Marine  
  139  9:22  Marine x4  
  140  9:25  Liberator, Medivac  
  140  9:26  Marine x2  
  140  9:27  Marine  
  140  9:29  Marine  
  148  9:32  Drilling Claws  
  141  9:41  Marine  
  123  9:48  Marine x4  
  123  9:50  Widow Mine  
  123  9:51  Widow Mine  
  126  9:53  Marine x2  
  126  9:56  SCV x2  
  126  9:58  Marine  
  131  10:04  Liberator  
  134  10:09  Marine x2  
  134  10:10  Marine  
  137  10:19  Marine x4  
  137  10:26  Marine  
  137  10:27  Marine  
  137  10:28  Marine x3  
  134  10:31  Widow Mine  
  133  10:37  Marine x3  
  133  10:40  Widow Mine  
  133  10:42  Marine  
  137  10:43  SCV x2  
  137  10:45  SCV  
  139  10:50  Marine x3  
  139  10:52  Marine  
  139  10:53  Marine  
  139  10:55  Marine  
  139  10:56  Marine x2  
  146  11:01  Marine  
  137  11:07  Marine  
  137  11:08  Marine x2  
  137  11:10  Marine  
  131  11:11  Marine  
  131  11:13  Marine  
  131  11:15  Widow Mine  
  131  11:17  Marine x2  
  135  11:21  Marine  
  135  11:25  Marine x2  
  134  11:28  Marine x2  
  138  11:38  Widow Mine x2  
  138  11:39  Widow Mine  
  144  11:44  Medivac  
  146  11:51  Marine  
  136  11:59  Marine x2  
  136  12:00  Marine  
  136  12:01  Marine x5  
  117  12:09  Marine, Orbital Command  
  111  12:17  Marine x2  
  107  12:27  Widow Mine  
  108  12:36  Marine  
  94  12:48  Marine x3  
  77  12:55  Marine x4  
  80  12:59  Marine x2  
  82  13:05  Marine  
  82  13:06  Marine  
  82  13:07  Marine  
  85  13:13  Marine x4  
Show
View Real Time Build Order
Export as new Build Order

Reynor Zerg - Winner!

Build Orders: Pool First 

Get SALT Encoding   

  12  0:00  Drone  
  13  0:12  Overlord  
  13  0:16  Drone  
  14  0:30  Drone x2  
  16  0:40  Spawning Pool  
  15  0:43  Drone  
  15  0:47  Drone  
  17  1:08  Hatchery  
  17  1:10  Drone  
  17  1:27  Zergling x4  
  17  1:28  Zergling x2  
  17  1:29  Queen  
  17  1:32  Extractor  
  21  1:37  Overlord  
  21  1:48  Drone  
  22  2:00  Drone  
  23  2:05  Queen  
  25  2:10  Drone  
  26  2:20  Drone  
  26  2:21  Drone  
  29  2:30  Drone  
  29  2:31  Drone  
  29  2:33  Metabolic Boost  
  31  2:39  Overlord  
  31  2:42  Drone  
  31  2:43  Drone  
  33  2:45  Drone x2  
  33  2:56  Hatchery  
  33  2:58  Drone  
  33  3:00  Drone  
  33  3:03  Drone  
  35  3:06  Drone  
  35  3:10  Queen  
  38  3:13  Drone  
  38  3:14  Drone  
  38  3:18  Overlord  
  40  3:20  Drone  
  40  3:22  Drone  
  40  3:25  Drone  
  43  3:32  Overlord  
  43  3:36  Drone  
  43  3:37  Queen  
  43  3:40  Drone  
  47  3:42  Drone x3  
  47  3:44  Overlord  
  50  3:50  Queen  
  50  3:51  Drone  
  50  3:54  Drone  
  54  3:56  Drone x2  
  54  3:58  Drone  
  57  4:04  Drone  
  57  4:07  Extractor  
  57  4:08  Zergling x2  
  58  4:11  Queen  
  58  4:12  Drone  
  58  4:15  Lair  
  62  4:17  Drone  
  62  4:18  Drone x2  
  62  4:20  Drone x2  
  62  4:22  Zergling x2  
  67  4:26  Overlord  
  67  4:32  Zergling x4  
  67  4:33  Baneling Nest  
  67  4:36  Overlord  
  67  4:38  Queen  
  70  4:41  Zergling x2  
  70  4:42  Zergling x2  
  72  4:46  Zergling x4  
  72  4:48  Zergling x4  
  72  4:49  Queen  
  72  4:51  Zergling x2  
  79  4:54  Zergling x2  
  79  4:58  Zergling x4  
  79  4:59  Zergling x2  
  83  5:01  Overlord  
  83  5:05  Drone  
  83  5:06  Drone  
  85  5:12  Zergling x8  
  83  5:17  Zergling x4  
  83  5:18  Centrifugal Hooks  
  83  5:20  Drone  
  83  5:21  Queen  
  83  5:25  Drone x2, Evolution Chamber  
  83  5:26  Drone  
  83  5:27  Drone  
  86  5:30  Zergling x2  
  86  5:33  Zergling x2, Baneling x2  
  86  5:34  Baneling x4, Queen  
  90  5:35  Extractor  
  90  5:39  Zergling x2  
  90  5:41  Zergling x2  
  91  5:44  Zergling x2  
  91  5:49  Zergling x4, Overlord  
  94  5:51  Zergling x4  
  94  5:53  Zergling x2  
  97  6:03  Zergling x10  
  97  6:08  Drone, Queen  
  97  6:09  Zerg Ground Armor Level 1  
  98  6:14  Drone x2, Hatchery  
  98  6:18  Drone  
  100  6:19  Evolution Chamber  
  100  6:20  Burrow  
  100  6:21  Drone x3  
  100  6:24  Drone x2  
  104  6:28  Drone  
  105  6:35  Overlord x2  
  105  6:39  Overlord  
  105  6:47  Spore Crawler, Zerg Melee Weapons Level 1  
  105  6:53  Drone x7, Queen  
  113  6:54  Drone x2  
  113  6:55  Zergling x2, Spore Crawler x2  
  113  6:58  Zergling x4  
  116  7:05  Zergling x2  
  116  7:07  Overlord  
  117  7:10  Zergling x2  
  117  7:11  Zergling x2  
  117  7:12  Zergling x4  
  117  7:15  Zergling x2  
  122  7:19  Overlord  
  122  7:21  Baneling x6  
  120  7:23  Zergling x4  
  120  7:26  Overlord  
  120  7:27  Zergling x6  
  120  7:28  Zergling x6  
  128  7:30  Zergling x2  
  128  7:35  Zergling x2  
  125  7:39  Zergling x4  
  125  7:42  Queen x3  
  123  7:45  Zergling x6  
  123  7:49  Zergling x4, Queen  
  123  7:51  Zergling x4  
  131  7:58  Zergling x4  
  131  7:59  Zergling x2  
  131  8:00  Zergling x8  
  138  8:11  Zergling x8  
  142  8:14  Zergling x6  
  142  8:18  Queen x2  
  142  8:19  Overlord  
  148  8:22  Baneling x6  
  148  8:26  Overlord  
  146  8:32  Baneling x6, Zerg Ground Armor Level 2  
  146  8:33  Overlord  
  142  8:42  Zergling x4  
  142  8:43  Zergling x16  
  142  8:44  Zergling x4  
  149  8:51  Baneling x10  
  149  8:53  Zergling x6  
  149  8:54  Zergling x4  
  154  8:58  Zergling x8  
  154  8:59  Drone  
  158  9:04  Drone  
  158  9:08  Drone  
  158  9:09  Drone  
  158  9:10  Zergling x4  
  158  9:11  Zergling x4  
  158  9:14  Zergling x2  
  163  9:18  Overseer  
  163  9:20  Zergling x6  
  163  9:23  Zerg Melee Weapons Level 2  
  163  9:24  Queen x2  
  164  9:27  Zergling x2  
  164  9:29  Overlord  
  164  9:30  Overseer  
  167  9:36  Overlord  
  160  9:40  Zergling x2  
  160  9:41  Overseer, Zergling x20  
  160  9:44  Zergling x2  
  149  9:47  Hatchery  
  149  9:50  Drone x2  
  149  9:51  Drone  
  149  9:52  Drone  
  137  9:59  Pneumatized Carapace  
  137  10:01  Drone x2  
  137  10:02  Drone x4  
  137  10:03  Zergling x4, Baneling  
  137  10:04  Baneling x8  
  137  10:06  Zergling x2  
  145  10:08  Baneling x7  
  145  10:09  Zergling x4  
  145  10:10  Zergling x2  
  148  10:14  Zergling x4  
  148  10:17  Zergling x2  
  148  10:18  Baneling x2  
  148  10:20  Zergling x2  
  147  10:26  Zergling x4  
  138  10:28  Zergling x4  
  138  10:34  Zergling x4  
  138  10:37  Zergling x6  
  138  10:38  Queen x3  
  138  10:39  Zergling x2  
  138  10:42  Zergling x2, Queen  
  148  10:45  Zergling x2  
  148  10:46  Zergling x2  
  149  10:51  Zergling x2  
  149  10:54  Zergling x2  
  149  10:55  Zergling x4  
  151  11:01  Zergling x2  
  151  11:04  Zergling x4  
  149  11:08  Zergling x6  
  149  11:09  Baneling x2  
  138  11:12  Zergling x2  
  138  11:14  Zergling x10, Queen  
  138  11:15  Queen  
  144  11:20  Baneling x5, Zergling x4  
  144  11:21  Zergling x4  
  146  11:26  Zergling x4  
  146  11:29  Zergling x2, Queen x2  
  146  11:31  Overlord  
  153  11:33  Zergling x6  
  153  11:35  Zergling x2  
  153  11:39  Zergling x4  
  159  11:43  Zergling x2  
  149  11:47  Zergling x2  
  149  11:48  Baneling x7  
  149  11:49  Queen  
  149  11:53  Zergling x8  
  149  11:54  Zergling x4  
  149  11:57  Zergling x2  
  149  12:00  Zergling x4  
  149  12:01  Zergling x2  
  136  12:03  Zergling x2  
  136  12:04  Zergling x6  
  136  12:05  Queen  
  136  12:06  Zergling x4  
  139  12:10  Queen  
  139  12:13  Zergling x2  
  139  12:15  Zergling x2  
  137  12:17  Zergling x4  
  137  12:19  Queen  
  137  12:22  Zergling x2, Extractor  
  135  12:28  Zergling x6  
  126  12:33  Zergling x2  
  126  12:34  Hatchery  
  123  12:39  Spore Crawler  
  123  12:41  Zergling x6  
  123  12:42  Queen  
  123  12:44  Zergling x8  
  124  12:53  Drone x6  
  124  12:55  Queen x2  
  134  12:59  Drone x2  
  134  13:01  Zergling x4  
  134  13:09  Baneling  
  134  13:10  Baneling x6  
  134  13:11  Drone x4  

Tags
 
Add a new tag
Caveats
  • Supply blocks, unpowered buildings, or Contaminate may cause inaccurate times.
  • Supply counts are checked every 10 seconds.